 Dungeon Crawl Stone Soup version 0.23-a0-644-gb60d84b (webtiles) character file.

586 Borgoz the Sneak (level 7, -7/46 HPs)
             Began as a Halfling Assassin on Jan 1, 2019.
             Splashed by an oklob plant's acid (11 damage)
             ... on level 4 of the Dungeon.
             The game lasted 00:09:34 (5030 turns).

Borgoz the Sneak (Halfling Assassin)                Turns: 5030, Time: 00:09:36

Health: -7/46      AC: -1    Str: 19    XL:     7   Next: 65%
Magic:  7/7        EV: 21    Int:  9    God:
Gold:   262        SH:  0    Dex: 17    Spells: 6/6 levels left

rFire    . . .     SeeInvis .   a - +2 dagger (venom)
rCold    . . .     Gourm    .   (shield restricted)
rNeg     . . .     Faith    .   c - +0 robe
rPois    .         Spirit   .   (no helmet)
rElec    .         Reflect  .   d - +0 cloak
rCorr    .         Harm     .   (no gloves)
MR       .....                  (no boots)
Stlth    ++++......             (no amulet)
HPRegen  0.15/turn              q - +6 ring of strength
MPRegen  0.10/turn              f - +5 ring of evasion

@: corroded
A: small, mutation resistance 1
a: no special abilities


You were on level 4 of the Dungeon.
You were hungry.

You visited 1 branch of the dungeon, and saw 4 of its levels.

You collected 262 gold pieces.

Inventory:

Hand Weapons
 a - a +2 dagger of venom (weapon)
 b - a +0 blowgun
 w - a +4 quarterstaff of chaos
 z - a +2 dagger
Missiles
 e - 3 throwing nets (quivered)
 m - 31 poisoned needles
Armour
 c - a +0 robe (worn)
 d - a +0 cloak (worn)
Jewellery
 f - a +5 ring of evasion (right hand)
 l - an uncursed ring of wizardry
 q - a +6 ring of strength (left hand)
 r - a +3 ring of evasion
 s - an uncursed ring of protection from magic
 t - an uncursed ring of resist corrosion
Wands
 B - a wand of random effects (12)
 G - a wand of disintegration (7)
Scrolls
 i - 2 scrolls of blinking
 j - a scroll of fear {unknown}
 k - a scroll of noise {unknown}
 n - a scroll of amnesia {unknown}
 p - 2 scrolls of remove curse {unknown}
 v - a scroll of random uselessness {unknown}
 y - a scroll of enchant weapon {unknown}
 A - 3 scrolls of teleportation {unknown}
 C - a scroll of enchant armour {unknown}
 F - a scroll of fog {unknown}
Potions
 h - a potion of heal wounds
 o - 3 potions of brilliance
 u - a potion of haste
 x - a potion of curing
 D - a potion of lignification
Comestibles
 g - 6 rations


   Skills:
 + Level 3.1 Fighting
 + Level 4.2 Short Blades
 + Level 3.7 Throwing
 + Level 3.5 Dodging
 + Level 6.9 Stealth


You had 6 spell levels left.
You didn't know any spells.
Your spell library contained the following spells:

 Spells                   Type           Power        Failure   Level  Hunger
 Animate Skeleton         Necr           N/A          38%         1    ##.....
 Apportation              Tloc           #.....       38%         1    ##.....
 Confusing Touch          Hex            #.....       38%         1    ##.....
 Summon Small Mammal      Summ           #...         38%         1    ##.....


Dungeon Overview and Level Annotations

Branches:
Dungeon (4/15)
 Temple: D:4-7

Altars:
Fedhas
Trog
Xom

Annotations:
D:4 exclusion: oklob plant


Innate Abilities, Weirdness & Mutations

You are small and have problems with some larger weapons.
You are somewhat resistant to further mutation.


Message History

The plant is almost destroyed.
You destroy the plant!
You see here a ration.
The oklob plant spits acid at you. The splash of acid hits you!
You are splashed with acid!
The acid burns!
You see here a ration.
You hit the oklob plant but do no damage.
The oklob plant is poisoned.
You hit the oklob plant but do no damage.
The oklob plant looks as sick as possible!
The oklob plant spits acid at you. The splash of acid hits you!
The acid corrodes you!
You are splashed with acid!
The acid burns!
You hit the oklob plant but do no damage.
The oklob plant is lightly damaged.
The oklob plant spits acid at you. The splash of acid hits you!
* * * LOW HITPOINT WARNING * * *
You are splashed with acid!
The acid burns!
You die... ############ .P#PP#PP.P. ##PP.PPP.P##P#P P #PP%.PPPPPPP..P P

#.@.PPPP#P#P##. P
#P..PPP#.......###P
#P.%PPP..≈≈≈≈≈..PPP
#.PP.#..≈≈≈≈≈≈≈..PP
#PPP#..≈≈≈≈≈≈≈≈≈..#
#PPPP.≈≈≈≈≈≈≈≈≈≈≈.P
#PP#P.≈≈≈≈...≈≈≈≈.#
#PP#P......_.≈≈≈≈..
#PPPP.≈≈≈≈...≈≈≈≈.#


You could see an oklob plant.

Vanquished Creatures
  Sigmund (D:2)
  Duvessa (D:4)
  Dowan (D:4)
  A hound (D:3)
  Crazy Yiuf (D:3)
  Jessica (D:2)
  Ijyb (D:4)
  2 worker ants (D:4)
  Robin (D:4)
  4 gnolls (D:2)
  An adder (D:2)
  A dart slug (D:4)
  2 leopard geckos (D:1)
  2 ball pythons (D:4)
  5 giant cockroaches
  13 goblins
  8 hobgoblins
  A kobold (D:3)
  6 bats
  7 frilled lizards
  9 rats
  A plant (D:4)
70 creatures vanquished.

Notes
Turn   | Place    | Note
-------+----------+-------------------------------------------
     0 | D:1      | Borgoz the Halfling Assassin began the quest for the Orb.
     0 | D:1      | Reached XP level 1. HP: 14/14 MP: 1/1
   124 | D:1      | Reached XP level 2. HP: 17/19 MP: 2/2
   138 | D:1      | Reached skill level 5 in Stealth
   753 | D:1      | Reached XP level 3. HP: 24/24 MP: 3/3
  1273 | D:2      | Noticed Sigmund
  1335 | D:2      | Killed Sigmund
  1335 | D:2      | Reached skill level 6 in Stealth
  1335 | D:2      | Reached XP level 4. HP: 15/30 MP: 4/4
  1335 | D:2      | Reached XP level 5. HP: 17/35 MP: 5/5
  1335 | D:2      | Reached XP level 6. HP: 20/41 MP: 6/6
  2347 | D:2      | Noticed Jessica
  2357 | D:2      | Killed Jessica
  2786 | D:3      | Found a bloodstained altar of Trog.
  2992 | D:3      | Found a runed door.
  3445 | D:3      | Noticed Crazy Yiuf
  3455 | D:3      | Killed Crazy Yiuf
  3501 | D:4      | Noticed Robin
  3505 | D:4      | Noticed Duvessa
  3506 | D:4      | Noticed Dowan
  3648 | D:4      | Found a shimmering altar of Xom.
  3787 | D:4      | Killed Duvessa
  3787 | D:4      | Reached XP level 7. HP: 4/46 MP: 7/7
  3802 | D:4      | Killed Dowan
  4176 | D:4      | Killed Robin
  4508 | D:4      | Found a blossoming altar of Fedhas.
  4508 | D:4      | Noticed Ijyb
  4757 | D:4      | Killed Ijyb
  5001 | D:4      | Noticed an oklob plant
  5030 | D:4      | Splashed by an oklob plant's acid

Vault maps used:
D:1:      roderic_octagonal_star
D:2:      uniq_sigmund, uniq_jessica
D:3:      marbit_many_paths, first_ration, supply_closet_lemuel,
          uniq_crazy_yiuf_cottage
D:4:      tgw_fedhas, xom_butterflies, uniq_duvessa, uniq_ijyb, uniq_robin

Skill      XL: |  1  2  3  4  5  6  7 |
---------------+----------------------+-----
Stealth        | 5 6 |  6.9
Fighting       | 2 3 |  3.1
Short Blades   | 3 4 |  4.2
Dodging        | 2 3 |  3.5
Throwing       | 3 |  3.7

Action                   |  1- 3 |  4- 6 |  7- 9 || total
-------------------------+-------+-------+-------++-------
Melee: Dagger            |    90 |   110 |    82 ||   282
       Short sword       |       |       |    23 ||    23
 Fire: Blowgun           |    10 |    23 |     4 ||    37
  Use: Scroll            |     3 |     2 |       ||     5
       Potion            |     2 |       |     3 ||     5
 Stab: Sleeping          |     9 |     5 |       ||    14
       Invisible         |       |       |     1 ||     1
  Eat: Chunk             |     1 |     8 |     3 ||    12
Armor: Robe              |    15 |     6 |     3 ||    24
       Skin              |       |       |    10 ||    10
Dodge: Dodged            |    55 |    87 |    55 ||   197

Table legend:
 A = Non-vault XP
 B = Vault XP
 C = Vault XP percentage of total XP
 D = Non-vault monster count
 E = Vault monster count
 F = Vault count percentage of total count
                 A         B        C        D         E       F
            +---------+---------+-------+---------+---------+-------
      Total |     242 |     596 |  71.1 |      49 |      20 |  29.0
            +---------+---------+-------+---------+---------+-------
        D:1 |      34 |       0 |   0.0 |      21 |       0 |   0.0
        D:2 |      81 |     257 |  76.0 |      14 |       2 |  12.5
        D:3 |      52 |      43 |  45.3 |       7 |       3 |  30.0
        D:4 |      75 |     296 |  79.8 |       7 |      15 |  68.2
            +---------+---------+-------+---------+---------+-------
